 Dungeon Crawl Stone Soup version 0.26.1-2-gb8aa6d0cf2 (webtiles) character file.

Game seed: 6641820081894614016

141 Gadfly the Skirmisher (level 5, -1/41 HPs)
             Began as a Formicid Abyssal Knight on Feb 10, 2021.
             Was a Believer of Lugonu.
             Slain by a lemure (7 damage)
             ... led by Pikel
             ... on level 4 of the Dungeon.
             The game lasted 00:03:39 (3714 turns).

Gadfly the Skirmisher (Formicid Abyssal Knight)     Turns: 3714, Time: 00:03:39

Health: -1/41      AC: 11    Str: 17    XL:     5   Next: 48%
Magic:  7/7        EV:  7    Int: 12    God:    Lugonu [**....]
Gold:   212        SH:  0    Dex: 10    Spells: 4/4 levels left

rFire    . . .     SeeInvis +   a - +2 hand axe
rCold    . . .     Faith    .   (no shield)
rNeg     . . .     Spirit   .   k - +0 chain mail
rPois    .         Reflect  .   (helmet unavailable)
rElec    .         Harm     .   (no cloak)
rCorr    .         Rampage  .   i - +1 pair of gloves
Will     .....                  (no boots)
Stlth    ..........             (no amulet)
HPRegen  0.13/turn              n - ring of see invisible
MPRegen  0.10/turn              (no ring)

@: no status effects
A: permanent stasis, dig shafts and tunnels, four strong arms, antennae 3
a: Dig, Shaft Self, Renounce Religion, Depart the Abyss, Bend Space


You were on level 4 of the Dungeon.
You worshipped Lugonu.
Lugonu was pleased with you.
You visited 1 branch of the dungeon, and saw 4 of its levels.
You visited the Abyss 1 time.

You collected 212 gold pieces.

Inventory:

Hand Weapons
 a - a +2 hand axe (weapon)
Armour
 e - a +2 scale mail of positive energy
 i - a +1 pair of gloves (worn)
 k - a +0 chain mail (worn)
Jewellery
 n - a ring of see invisible (left hand)
Scrolls
 b - a scroll of enchant weapon
 c - 2 scrolls of remove curse
 f - a scroll of fog
Potions
 d - 2 potions of attraction
 g - a potion of flight
 h - a potion of mutation
 j - a potion of heal wounds


   Skills:
 + Level 3.3 Fighting
 * Level 3.2 Axes
 + Level 2.7 Armour
 - Level 0.8 Dodging
 + Level 2.6 Shields
 + Level 3.0 Invocations
 * Level 2.1 Evocations


You had 4 spell levels left.
You didn't know any spells.
Your spell library was empty.

Dungeon Overview and Level Annotations

Branches:
Dungeon (4/15)
 Temple: D:4-7

Altars:
Fedhas
Okawaru
Qazlal
Xom
Zin
The Shining One

Annotations:
D:4 Dowan, Duvessa, Natasha, Pikel


Innate Abilities, Weirdness & Mutations

You cannot be hasted, slowed, berserked, paralysed or teleported.
You can dig through walls and to a lower floor.
Your four strong arms can wield two-handed weapons with a shield.
You have a pair of large antennae on your head. (SInv)


Message History

Found a robe.
Okay, then.
Okay, then.
The lemure barely misses you.
Natasha mumbles some strange words.
An orc comes into view.
Duvessa hits you with a +0 short sword. The lemure hits you.
* * * LOW HITPOINT WARNING * * *
Natasha casts a spell.
Dowan hits you but does no damage.
Okay, then.
Dowan says, "Stay away from my face!"
Dowan hits you but does no damage.
You are too injured to fight recklessly!
Duvessa hits you with a +0 short sword.
* * * LOW HITPOINT WARNING * * *
Dowan casts a spell at Duvessa.
Duvessa seems to speed up.
The lemure hits you!
You die...

#..# #.......
##...##.......
.............
.............
..........?.##### .....
........#.....#.##
.....
#......###......#.....[
#.....##..5e#.........
###...<@e(#.####..o...
#.....5##{{#{{{{o.o
#.......55{{o..#
#...........{...#
#........#...........
###.....##.........#.
#.##.#....##...#.# ##
###...## #..# .. .....#
.... .


You could see Duvessa (fast), 3 lemures and Dowan.

Vanquished Creatures
  6 adders
  A worm (D:2)
  2 dart slugs
  4 leopard geckos
  3 orcs (D:3)
  A ball python (D:3)
  8 giant cockroaches
  9 goblins
  9 hobgoblins
  5 kobolds
  2 quokkas (D:2)
  12 bats
  4 frilled lizards
  7 rats
73 creatures vanquished.

Notes
Turn   | Place    | Note
-------+----------+-------------------------------------------
     0 | Abyss:1  | Gadfly the Formicid Abyssal Knight began the quest for the
                  | Orb.
     0 | Abyss:1  | Reached XP level 1. HP: 18/18 MP: 2/2
    40 | D:1      | Escaped the Abyss
   311 | D:1      | Reached XP level 2. HP: 7/24 MP: 3/3
   555 | D:1      | Reached skill level 1 in Shields
   955 | D:1      | Reached skill level 1 in Evocations
   955 | D:1      | Reached XP level 3. HP: 29/29 MP: 4/4
  1405 | D:2      | Reached XP level 4. HP: 25/35 MP: 5/5
  1415 | D:2      | Reached ** piety under Lugonu
  1947 | D:2      | Found a shimmering altar of Xom.
  1949 | D:2      | Found an ornate altar of the Wu Jian Council.
  1949 | D:2      | Found a glowing silver altar of Zin.
  1951 | D:2      | Found a blossoming altar of Fedhas.
  1951 | D:2      | Found a stormy altar of Qazlal.
  1951 | D:2      | Found an iron altar of Okawaru.
  2286 | D:2      | Found a glowing golden altar of the Shining One.
  2625 | D:3      | Reached XP level 5. HP: 27/41 MP: 7/7
  3688 | D:4      | Noticed Duvessa
  3688 | D:4      | Noticed Dowan
  3688 | D:4      | Noticed a lemure
  3689 | D:4      | Noticed a lemure
  3691 | D:4      | Noticed Pikel
  3696 | D:4      | Noticed a lemure
  3697 | D:4      | Noticed Natasha
  3699 | D:4      | Noticed a lemure
  3714 | D:4      | Slain by a lemure

Illustrated notes

Levels and vault maps discovered:
D:1:      dpeg_arrival_water_temple_mockup, layout_loops_cross,
          solitary_fountain
D:2:      layout_rooms, marbit_many_paths, doesnt_xom_only_xom
D:3:      minmay_recursive_quarters, layout_basic, kennysheep_generic_room_13
D:4:      layout_cave_pools, lightli_ossuary_entry_decrepit_ruins, uniq_duvessa,
          uniq_pikel, uniq_natasha, uniq_crazy_yiuf_cottage

Skill      XL: |  1  2  3  4  5 |
---------------+----------------+-----
Shields        | 1 2 |  2.6
Evocations     | 1 2 |  2.1
Axes           | 3 |  3.2
Invocations    | 3 |  3.0
Fighting       | |  3.3
Armour         | |  2.7
Dodging        | |  0.8

Action                   |  1- 3 |  4- 6 || total
-------------------------+-------+-------++-------
Melee: Hand axe          |    93 |   187 ||   280
  Use: Scroll            |     3 |     8 ||    11
Armor: Leather armour    |    32 |    10 ||    42
       Chain mail        |       |   104 ||   104
Dodge: Dodged            |    67 |    97 ||   164
